AoeStats
← thinker

Black Forest

507433657Analyzed
4v4 RM · 13d ago on Sep 18, 2026· 89m 58s· 8 players
Game mode
Random Map
Map size
Large (8 player)
Population
200
Speed
Normal
Resources
Standard
Victory
Conquest
Starting age
Dark Age
Ending age
Imperial Age
RankedLock teamsTeams togetherTeam positionsShared explorationLock speedFull tech treeHidden civsTurbo modeCheats
Victory
Defeat
🇹🇼 Huns · Taiwan
1010
+14
🇨🇳 Khmer · China
963
+16
🇹🇷 Britons · Türkiye
843
+20
🇨🇳 Goths · China
841
+21
🇲🇽 Jurchens · Mexico
1051
-22
🇻🇳 Mongols · Vietnam
939
-17
🇺🇸 Persians · United States
933
-17
🇫🇮 Britons · Finland
880
-15
hattivatti266
11:36 Feudal Age
12:48 Double-Bit Axe
17:25 Castle Age
15:29 Stone Mining
15:25 Horse Collar
19:56 Bow Saw
19:48 Heavy Plow
19:41 Gold Mining
20:14 Loom
25:02 Wheelbarrow
29:37 Hand Cart
33:07 Imperial Age
31:47 Gold Shaft Mining
31:36 Pikeman
32:26 Padded Archer Armor
32:17 Fletching
35:44 Two-Man Saw
35:45 Onager
37:26 Elite Longbowman
39:17 Capped Ram
40:35 Halberdier
41:18 Bodkin Arrow
41:38 Leather Archer Armor
42:36 Man-at-Arms
43:19 Long Swordsman
46:15 Chemistry
45:06 Heated Shot
46:12 Scale Mail Armor
46:16 Bracer
45:43 Two-Handed Swordsman
49:45 Town Watch
52:12 Yeomen
53:43 Ring Archer Armor
57:02 Ballistics
72:06 Light Cavalry
72:59 Forging
72:55 Scale Barding Armor
89:23 Chain Mail Armor
NWGHOST7888
1:05 Loom
11:49 Feudal Age
14:56 Wheelbarrow
16:35 Double-Bit Axe
17:10 Horse Collar
21:16 Castle Age
20:07 Gold Mining
20:10 Stone Mining
25:44 Hand Cart
28:46 Heavy Plow
29:31 Bloodlines
31:40 Scale Barding Armor
31:46 Forging
32:54 Chain Barding Armor
34:43 Iron Casting
35:26 Husbandry
38:24 Imperial Age
39:27 Gold Shaft Mining
39:28 Stone Shaft Mining
39:39 Stone Shaft Mining
38:38 Elite Iron Pagoda
40:36 Plate Barding Armor
41:02 Blast Furnace
41:39 Fletching
41:49 Padded Archer Armor
42:41 Crop Rotation
42:24 Bow Saw
43:12 Conscription
45:13 Hoardings
44:53 Masonry
44:37 Guard Tower
45:59 Two-Man Saw
51:20 Architecture
51:13 Ballistics
50:52 Bodkin Arrow
51:13 Leather Archer Armor
58:37 Chemistry
57:45 Siege Engineers
58:30 Bracer
59:51 Thunderclap Bombs
65:46 Fortified Wall
66:43 Light Cavalry
68:38 Hussar
Aqua jahaan
0:33 Loom
16:09 Feudal Age
16:39 Double-Bit Axe
20:39 Castle Age
18:58 Horse Collar
19:18 Stone Mining
19:19 Gold Mining
21:30 Bow Saw
23:43 Wheelbarrow
25:34 Husbandry
26:44 Heavy Plow
27:49 Scale Barding Armor
28:32 Hand Cart
35:08 Imperial Age
33:51 Caravan
34:37 Chain Barding Armor
35:59 Conscription
35:22 Cavalier
37:24 Gold Shaft Mining
37:38 Fletching
38:24 Plate Barding Armor
39:43 Crop Rotation
40:13 Bloodlines
41:18 Guilds
42:04 Citadels
43:26 Chemistry
42:48 Ballistics
42:40 Onager
45:17 Two-Man Saw
45:10 Hoardings
45:03 Murder Holes
45:16 Bodkin Arrow
47:18 Forging
54:32 Elite War Elephant
62:46 Iron Casting
70:32 Blast Furnace
76:40 Padded Archer Armor
78:18 Leather Archer Armor
77:29 Crossbowman
78:15 Thumb Ring
80:19 Ring Archer Armor
81:38 Kamandaran
85:03 Scale Mail Armor
86:15 Heavy Scorpion
89:46 Pikeman
90:27 Squires
toilet gaming
1:42 Loom
10:55 Feudal Age
12:30 Double-Bit Axe
19:18 Castle Age
17:33 Gold Mining
17:37 Stone Mining
17:35 Horse Collar
19:23 Wheelbarrow
18:42 Gold Mining
20:04 Fletching
21:03 Wheelbarrow
20:58 Bodkin Arrow
21:26 Town Watch
27:13 Padded Archer Armor
29:22 Leather Archer Armor
30:17 Scale Barding Armor
30:03 Fishing Lines
32:15 Chain Barding Armor
33:23 Hand Cart
34:15 Scale Mail Armor
36:53 Forging
40:16 Imperial Age
37:49 Nomads
38:26 Iron Casting
39:01 Bow Saw
38:52 Heavy Plow
39:32 Gold Shaft Mining
39:08 Light Cavalry
39:59 Bloodlines
40:28 Elite Mangudai
41:31 Bracer
41:53 Conscription
42:40 Hoardings
42:23 Hussar
43:56 Hoardings
43:24 Husbandry
43:47 Fortified Wall
43:59 Ballistics
45:11 Blast Furnace
44:05 Elite Steppe Lancer
45:05 Heavy Camel Rider
閒雲野鶴
1:39 Loom
14:14 Feudal Age
14:41 Double-Bit Axe
14:39 Horse Collar
15:56 Wheelbarrow
16:51 Gold Mining
20:00 Castle Age
18:42 Forging
19:55 Bloodlines
20:53 Bow Saw
21:08 Heavy Plow
23:47 Hand Cart
36:40 Elite Skirmisher
39:30 Iron Casting
39:41 Gold Shaft Mining
41:50 Stone Mining
44:38 Imperial Age
44:53 Imperial Age
42:56 Fletching
43:07 Padded Archer Armor
43:28 Husbandry
46:38 Blast Furnace
45:00 Cavalier
46:59 Two-Man Saw
46:24 Leather Archer Armor
46:05 Bodkin Arrow
47:18 Conscription
47:13 Scale Barding Armor
50:27 Chain Barding Armor
52:57 Caravan
53:59 Paladin
67:37 Plate Barding Armor
67:03 Bracer
71:12 Light Cavalry
73:12 Hussar
高老头子
1:10 Loom
12:11 Feudal Age
15:36 Double-Bit Axe
18:13 Castle Age
17:52 Fishing Lines
17:55 Horse Collar
23:27 Heavy Plow
23:40 Bow Saw
26:23 Stone Mining
26:24 Gold Mining
28:36 Stone Shaft Mining
28:38 Wheelbarrow
31:41 Imperial Age
29:20 Scale Mail Armor
29:30 Forging
29:12 Fletching
30:45 Hand Cart
30:55 Chain Mail Armor
30:45 Squires
30:09 Pikeman
32:00 Iron Casting
31:21 Bodkin Arrow
31:51 Ballistics
31:42 Masonry
32:23 Anarchy
31:58 Halberdier
32:12 Elite Huskarl
33:14 Conscription
32:21 Elite Huskarl
34:25 Crop Rotation
36:41 Chemistry
35:38 Murder Holes
37:43 Blast Furnace
38:45 Bracer
39:18 Perfusion
43:38 Onager
47:56 Padded Archer Armor
50:26 Town Watch
50:59 Leather Archer Armor
65:50 Caravan
83:50 Two-Man Saw
thinker
12:21 Feudal Age
16:41 Castle Age
15:35 Double-Bit Axe
19:10 Bow Saw
21:32 Horse Collar
22:27 Loom
23:21 Wheelbarrow
25:06 Fletching
28:56 Ballistics
28:48 Bodkin Arrow
30:01 Hand Cart
29:48 Gold Mining
31:08 Tusk Swords
35:07 Imperial Age
33:52 Padded Archer Armor
35:04 Gold Shaft Mining
34:19 Stone Mining
35:59 Double Crossbow
35:34 Elite Ballista Elephant
37:19 Heavy Plow
39:22 Chemistry
38:18 Elite Ballista Elephant
41:46 Murder Holes
42:27 Coinage
41:57 Caravan
43:05 Stone Shaft Mining
43:05 Conscription
43:12 Bracer
43:27 Leather Archer Armor
44:25 Heated Shot
47:25 Crossbowman
48:48 Banking
48:53 Arbalester
50:42 Crop Rotation
53:09 Elite Skirmisher
65:11 Pikeman
66:11 Halberdier
66:48 Onager
84:19 Ring Archer Armor
84:17 Capped Ram
85:42 Forging
85:38 Scale Barding Armor
85:58 Siege Ram
88:36 Forging
88:31 Scale Barding Armor
88:28 Scale Mail Armor
yuziba
1:49 Loom
14:27 Feudal Age
15:03 Double-Bit Axe
15:03 Horse Collar
17:03 Wheelbarrow
21:50 Castle Age
20:02 Gold Mining
20:03 Stone Mining
23:15 Bow Saw
23:37 Heavy Plow
26:38 Gold Shaft Mining
27:10 Hand Cart
26:43 Town Watch
30:01 Imperial Age
28:25 Town Patrol
32:07 Two-Man Saw
31:30 Padded Archer Armor
31:21 Fletching
32:02 Ballistics
31:53 Fortified Wall
31:25 Treadmill Crane
32:44 Pikeman
33:10 Arson
33:12 Gambesons
33:28 Squires
32:52 Elite Skirmisher
33:56 Yeomen
34:10 Caravan
36:25 Hoardings
35:32 Halberdier
35:34 Man-at-Arms
36:54 Scale Mail Armor
37:11 Leather Archer Armor
37:08 Forging
41:24 Ring Archer Armor
40:50 Bodkin Arrow
41:30 Iron Casting
41:11 Chain Mail Armor
43:19 Chemistry
42:15 Murder Holes
44:38 Bracer
45:40 Blast Furnace
45:04 Long Swordsman
45:54 Elite Longbowman
61:35 Plate Mail Armor
Connection lost

Rejoining the realm…

Still unreachable

The connection could not be restored.

Session expired

The server has moved on; the page needs a fresh start.